 Dungeon Crawl Stone Soup version 0.27.1 (webtiles) character file.

Game seed: 13254418957155481030

453 ZARRMARR the Cudgeller (level 6, -1/51 HPs)
             Began as a Palentonga Fighter on Aug 23, 2021.
             Was an Initiate of Qazlal.
             Slain by Duvessa (11 damage)
             ... on level 5 of the Dungeon on Aug 24, 2021.
             The game lasted 00:15:45 (3923 turns).

ZARRMARR the Cudgeller (Palentonga Fighter)         Turns: 3923, Time: 00:15:45

Health: -1/51      AC:  7    Str: 21    XL:     6   Next: 75%
Magic:  6/6        EV:  6    Int:  8    God:    Qazlal [......]
Gold:   240        SH:  9    Dex: 10    Spells: 5/5 levels left

rFire    . . .     SeeInvis +   a - +0 flail
rCold    . . .     Faith    .   c - +0 kite shield
rNeg     . . .     Spirit   .   b - +0 scale mail
rPois    .         Reflect  .   (no helmet)
rElec    .         Harm     .   (no cloak)
rCorr    .         Rampage  .   (no gloves)
Will     .....                  (no barding)
Stlth    ..........             r - amulet of the acrobat
HPRegen  0.17/turn              (no ring)
MPRegen  0.10/turn              (no ring)

@: mighty
A: large, rugged brown scales 3, see invisible, deformed body, roll 1, armoured
tail
a: Rolling Charge, Renounce Religion


You were on level 5 of the Dungeon.
You worshipped Qazlal.
Qazlal was noncommittal.
You visited 2 branches of the dungeon, and saw 6 of its levels.

You collected 240 gold pieces.

Inventory:

Hand Weapons
 a - a +0 flail (weapon)
Missiles
 k - 3 curare-tipped darts (quivered)
Armour
 b - a +0 scale mail (worn)
 c - a +0 kite shield (worn)
Magical Staves
 g - a staff of conjuration
Jewellery
 i - an amulet of magic regeneration
 r - an amulet of the acrobat (around neck)
Scrolls
 e - a scroll of amnesia
 h - a scroll of blinking
 j - a scroll of immolation
 l - 2 scrolls of teleportation {unknown}
 n - a scroll of fog {unknown}
 o - 2 scrolls of acquirement {unknown}
 s - a scroll of fear {unknown}
Potions
 f - 2 potions of degeneration {unknown}
 m - a potion of heal wounds {unknown}
 p - 2 potions of lignification {unknown}
 q - a potion of curing {unknown}


   Skills:
 + Level 4.0 Fighting
 + Level 4.6 Maces & Flails
 + Level 3.7 Armour
 + Level 1.1 Dodging
 + Level 3.5 Shields


You had 5 spell levels left.
You didn't know any spells.
Your spell library was empty.

Dungeon Overview and Level Annotations

Branches:
Dungeon (5/15)             Temple (1/1) D:4

Altars:
Cheibriados
Elyvilon
Fedhas
Gozag
Makhleb
Nemelex Xobeh
Okawaru
Qazlal
Sif Muna
Uskayaw
Vehumet
Wu Jian
Xom
Yredelemnul
Zin
The Shining One

Annotations:
D:5 Dowan, Duvessa


Innate Abilities, Weirdness & Mutations

You are completely covered in rugged brown scales. (AC +3, +7% HP)
You have supernaturally acute eyesight. (SInv)
Armour fits poorly on your strangely shaped body.
You can roll at nearby foes to attack.
You have a long armoured tail.


Message History

The centaur skeleton is lightly damaged.
You block the centaur skeleton's attack. x2
You hit the centaur skeleton but do no damage.
The centaur skeleton is lightly damaged.
The centaur skeleton hits you.
The centaur skeleton kicks you but does no damage.
The centaur skeleton hits you but does no damage.
The centaur skeleton kicks you but does no damage.
You hit the centaur skeleton.
The centaur skeleton is lightly damaged.
The centaur skeleton hits you but does no damage.
The centaur skeleton barely misses you.
Dowan casts a spell.
Dowan blinks!
Duvessa hits you with a +0 rapier!
You block the centaur skeleton's attack. x2
Dowan gestures at Duvessa while chanting.
Duvessa seems to speed up.
Duvessa completely misses you. The centaur skeleton hits you.
The centaur skeleton completely misses you.
You block Duvessa's attack.
You hit the centaur skeleton.
You tail-slap the centaur skeleton, but do no damage.
The centaur skeleton is lightly damaged.
Dowan gestures wildly while chanting.
Dowan blinks!
You closely miss Duvessa. Duvessa hits you with a +0 rapier.
Duvessa hits you but does no damage.
You hit Duvessa but do no damage. Duvessa hits you with a +0 rapier.
Duvessa hits you with a +0 rapier!
You feel very mighty all of a sudden. You block Duvessa's attack. x2
You closely miss Duvessa. Duvessa hits you with a +0 rapier!
* * * LOW HITPOINT WARNING * * *
Duvessa hits you with a +0 rapier.
* * * LOW HITPOINT WARNING * * *
You hit Duvessa. You tail-slap Duvessa.
Duvessa is moderately wounded.
Duvessa hits you with a +0 rapier!
You die...

#..##.....##....# #.......
#..........#.##.#####.......
#..........#.##.##.##.......
......_.....##'##.##.......
#.......#................
#.......#...........)..><
##.....##..............)#
..####...##..#######[####..
........Ze@..# #.# ###
...########### #.. . # #..#
# #... . #.... #


You could see Duvessa (fast) and a centaur skeleton.

Vanquished Creatures
  Sigmund (D:5)
  A black bear (D:2)
  4 iguanas
  2 adders
  2 ufetubi
  A worm (D:2)
  2 dart slugs
  2 orcs
  5 ball pythons
  A bat (D:3)
  6 endoplasms
  2 giant cockroaches
  3 goblins
  9 hobgoblins
  3 jackals (D:2)
  8 kobolds
  2 quokkas
  3 frilled lizards
  5 rats
62 creatures vanquished.

Notes
Turn   | Place    | Note
-------+----------+-------------------------------------------
     0 | D:1      | ZARRMARR the Palentonga Fighter began the quest for the
                  | Orb.
     0 | D:1      | Reached XP level 1. HP: 19/19 MP: 1/1
   215 | D:1      | Reached XP level 2. HP: 20/25 MP: 2/2
   783 | D:1      | Found a faded altar of an unknown god.
  1016 | D:2      | Noticed a black bear
  1021 | D:2      | Killed a black bear
  1022 | D:2      | Reached XP level 3. HP: 26/31 MP: 3/3
  1022 | D:2      | Reached XP level 4. HP: 31/37 MP: 4/4
  1496 | D:2      | Reached XP level 5. HP: 26/44 MP: 5/5
  1783 | D:2      | Found a blossoming altar of Fedhas.
  2610 | D:3      | Reached skill level 1 in Dodging
  2909 | D:4      | Found a snail-covered altar of Cheibriados.
  2968 | D:4      | Found a staircase to the Ecumenical Temple.
  2979 | Temple   | Entered the Ecumenical Temple
  3188 | Temple   | Became a worshipper of Qazlal Stormbringer
  3509 | D:4      | Found a glowing silver altar of Zin.
  3757 | D:5      | Entered Level 5 of the Dungeon
  3757 | D:5      | Noticed Sigmund
  3763 | D:5      | Killed Sigmund
  3764 | D:5      | Reached XP level 6. HP: 51/51 MP: 6/6
  3907 | D:5      | Found a basalt altar of Yredelemnul.
  3907 | D:5      | Noticed Dowan
  3909 | D:5      | Noticed Duvessa
  3923 | D:5      | Slain by Duvessa

Illustrated notes

Levels and vault maps discovered:
D:1:      dpeg_arrival_line_fractal, layout_rooms,
          hellmonk_ecumenical_altar_crossroads, kennysheep_small_spiral,
          lemuel_another_geyser
D:2:      layout_basic, kennysheep_flooded_box, minmay_misc_feat_chi
D:3:      layout_basic
D:4:      layout_loops_ring, zin_treasury, kennysheep_slug_shrine,
          minmay_temple_entry_hall, kennysheep_decorative_pillar
D:5:      minmay_clustersquares, layout_basic, old_standard_altar, uniq_sigmund,
          uniq_duvessa
Temple:   nicolae_temple_figure_eight

Skill      XL: |  1  2  3  4  5 |
---------------+----------------+-----
Maces & Flails | 3 4 |  4.6
Shields        | 3 |  3.5
Armour         | 3 |  3.7
Dodging        | 1 |  1.1
Fighting       | 4 |  4.0

Action                   |  1- 3 |  4- 6 || total
-------------------------+-------+-------++-------
Melee: Flail             |    54 |   116 ||   170
       Tailslap          |    10 |    13 ||    23
Throw: Dart              |       |     1 ||     1
 Abil: Rolling Charge    |     5 |    22 ||    27
  Use: Scroll            |     2 |     1 ||     3
       Potion            |       |     1 ||     1
Armor: Scale mail        |    43 |    55 ||    98
Dodge: Dodged            |    12 |    26 ||    38
Block: Kite shield       |    37 |    60 ||    97
